 Dungeon Crawl Stone Soup version 0.16-a0-1301-gf74d490 (webtiles) character file.

3682 Ololoev the Cleaver (level 10, -4/70 HPs)
             Began as a Formicid Fighter on Oct 15, 2014.
             Was an Elder of Okawaru.
             Slain by an orc warlord
             ... wielding a +1 halberd of freezing
              (14 damage)
             ... on level 7 of the Dungeon.
             The game lasted 00:33:12 (8333 turns).

Ololoev the Cleaver (Formicid Fighter)              Turns: 8333, Time: 00:33:13

Health: -4/70      AC: 12    Str: 26    XL:     10   Next: 35%
Magic:  18/18      EV:  7    Int:  8    God:    Okawaru [****..]
Gold:   338        SH: 10    Dex: 13    Spells: 0 memorised, 9 levels left

rFire  . . .     SeeInvis +     k - +0 war axe (freeze)
rCold  . . .     Clarity  .     H - +3 scale mail
rNeg   . . .     SustAb   .     c - +0 shield
rPois  .         Gourm    +     (helmet unavailable)
rElec  .         Spirit   .     (no cloak)
rCorr  .         Warding  .     D - +0 pair of gloves
rMut   .         Stasis   +     y - +0 pair of boots
MR     +....                    w - amulet of the gourmand
Stlth  ..........               (no ring)
                                (no ring)

@: mighty, somewhat resistant to hostile enchantments, extremely unstealthy
A: permanent stasis, dig shafts and tunnels, four strong arms, antennae 3
a: Dig, Shaft Self, Heroism, Renounce Religion


You were on level 7 of the Dungeon.
You worshipped Okawaru.
Okawaru was greatly pleased with you.
You were completely stuffed.

You visited 2 branches of the dungeon, and saw 8 of its levels.
You also visited: Bailey.

You collected 338 gold pieces.

Inventory:

Hand weapons
 k - a +0 war axe of freezing (weapon)
Armour
 c - a +0 shield (worn)
 y - a +0 pair of boots (worn)
 D - a +0 pair of gloves (worn)
 H - a +3 scale mail (worn)
Jewellery
 w - an amulet of the gourmand (around neck)
Magical devices
 q - a wand of polymorph (0)
 t - a wand of random effects (14)
 A - a wand of magic darts (25)
Scrolls
 h - 2 scrolls of magic mapping {unknown}
 j - 2 scrolls of enchant armour {unknown}
 n - 4 scrolls of fog
 s - a scroll of random uselessness {unknown}
 z - 2 scrolls of remove curse {unknown}
 E - a scroll of noise {unknown}
 F - a scroll of recharging {unknown}
Potions
 a - a potion of lignification {unknown}
 b - a potion of agility {unknown}
 e - a potion of might
 g - 3 potions of heal wounds
 l - 3 potions of restore abilities
 m - 2 potions of resistance
 o - 4 potions of curing
 r - a potion of confusion {unknown}
 u - 2 potions of brilliance {unknown}
 v - 2 potions of magic {unknown}
 x - 2 potions of flight {unknown}
 C - a potion of poison {unknown}
 G - a potion of berserk rage {unknown}
Comestibles
 d - 10 bread rations
 f - 2 slices of pizza
 i - 2 beef jerkies
 p - 4 meat rations
 B - 6 fruits
 I - a rotting chunk of hobgoblin flesh


   Skills:
 - Level 3.2 Fighting
 * Level 13.5 Axes
 - Level 3.2 Armour
 - Level 3.6 Shields
 - Level 3.2 Evocations


You had 9 spell levels left.
You didn't know any spells.

Dungeon Overview and Level Annotations

Branches:
Dungeon (7/15)             Temple (1/1) D:5

Altars:
Cheibriados
Kikubaaqudgha
Makhleb
Okawaru
Qazlal
Xom


Innate Abilities, Weirdness & Mutations

Your are under a permanent stasis effect.
You can dig through walls and to a lower floor.
Your four strong arms can wield two-handed weapons with a shield.
You have a pair of large antennae on your head (SInv).


Message History

You feel like a meek peon again.
You open the door.
The orc warlord roars a battle-cry!
There is an open door here.
The orc warlord roars a battle-cry!
The orc warrior goes into a battle-frenzy!
There is an open gate here.
Items here: )) [[ a hand axe; a leather armour; a war axe; a ring mail
There is a gate leading back out of this place here.
There is a gate leading back out of this place here.
The orc warlord hits you with a halberd of freezing!!
* * * LOW HITPOINT WARNING * * *
The orc warlord freezes you!
* * * LOW HITPOINT WARNING * * *
Welcome back to the Dungeon!
There is an empty arch of ancient stone here.
Unknown command.
The orc warlord hits you from afar with a halberd of freezing!
You die...

#### #.... #.. ...... .
.... ...... #.. ##.....
...# #... #....... .###
#..####........ ##
##.............. #
###......)......... ##
##........@∩o........
.#####.....####..).........
.........# #.............
.......# ###...........
##....## ###.........
##...## #...#####.. .#...#
#...# .#...# #..## .....#
#...##


You could see an orc warlord.

Vanquished Creatures
  2 orc knights (Bailey)
  The ghost of Rekelon the Ducker, an experienced DsEE of Okawaru (D:6)
  A hungry ghost (D:7)
  9 orc warriors
  A sky beast (D:5)
  A black bear (D:7)
  An ice beast (D:6)
  A centaur (D:5)
  2 giant frogs
  2 scorpions (D:5)
  The ghost of Orcus the Ogre Mage, a weakling OgFE (D:3)
  2 jellies (D:7)
  A crimson imp (D:4)
  4 hounds
  An orc priest (D:6)
  3 iguanas
  3 orc wizards
  2 worker ants
  A big kobold zombie (D:7)
  Ijyb (D:5)
  17 gnolls
  A giant mite (D:5)
  8 adders
  2 shadow imps
  4 worms
  An orc skeleton (D:4)
  3 giant geckos
  3 oozes
  37 orcs
  13 bats
  A bat skeleton (D:5)
  29 hobgoblins
  12 jackals
  20 kobolds
  A quokka (D:4)
  A ball python (D:5)
  5 giant cockroaches
  5 giant newts
  38 goblins
  A hobgoblin skeleton (D:5)
  18 rats
260 creatures vanquished.

Notes
Turn   | Place    | Note
--------------------------------------------------------------
     0 | D:1      | Ololoev, the Formicid Fighter, began the quest for the Orb.
     0 | D:1      | Reached XP level 1. HP: 18/18 MP: 1/1
    92 | D:1      | Reached XP level 2. HP: 24/24 MP: 3/3
   658 | D:2      | Reached XP level 3. HP: 29/29 MP: 4/4
   719 | D:2      | Found a snail-covered altar of Cheibriados.
   799 | D:2      | Reached skill level 4 in Axes
   799 | D:2      | Reached XP level 4. HP: 20/35 MP: 5/5
  1710 | D:3      | Reached XP level 5. HP: 30/41 MP: 7/7
  1720 | D:3      | Reached skill level 5 in Axes
  1748 | D:3      | Found an iron altar of Okawaru.
  1754 | D:3      | Became a worshipper of Warmaster Okawaru
  2100 | D:3      | Found an ancient bone altar of Kikubaaqudgha.
  2150 | D:3      | Noticed Orcus' ghost (weakling OgFE)
  2188 | D:3      | Killed Orcus' ghost
  2188 | D:3      | Reached XP level 6. HP: 13/47 MP: 8/8
  2981 | D:4      | Found a shimmering altar of Xom.
  2981 | D:4      | Found a burning altar of Makhleb.
  2991 | D:4      | Reached skill level 6 in Axes
  2997 | D:4      | Found a stormy altar of Qazlal.
  3750 | D:5      | Entered Level 5 of the Dungeon
  4055 | D:5      | Reached XP level 7. HP: 42/52 MP: 9/9
  4367 | D:5      | Reached skill level 7 in Axes
  4657 | D:5      | Acquired Okawaru's first power
  4750 | D:5      | Reached skill level 8 in Axes
  4947 | D:5      | Noticed a sky beast
  4962 | D:5      | Killed a sky beast
  4962 | D:5      | Reached skill level 1 in Evocations
  4962 | D:5      | Reached XP level 8. HP: 26/58 MP: 10/12
  5208 | D:5      | Noticed Ijyb
  5279 | D:5      | Killed Ijyb
  5474 | D:5      | Found a staircase to the Ecumenical Temple.
  5490 | Temple   | Entered the Ecumenical Temple
  5706 | D:6      | Reached skill level 9 in Axes
  6460 | D:6      | Noticed Rekelon's ghost (experienced DsEE)
  6481 | D:6      | Killed Rekelon's ghost
  6481 | D:6      | Reached skill level 10 in Axes
  6481 | D:6      | Reached XP level 9. HP: 43/64 MP: 16/16
  7295 | D:7      | Reached skill level 11 in Axes
  7550 | D:7      | Found a flagged portal.
  7568 | Bailey   | Entered a bailey
  7746 | Bailey   | Noticed an orc knight
  7801 | Bailey   | Killed an orc knight
  7801 | Bailey   | Reached skill level 12 in Axes
  7801 | Bailey   | Reached XP level 10. HP: 49/70 MP: 16/18
  8167 | Bailey   | Reached skill level 13 in Axes
  8275 | Bailey   | Noticed an orc knight
  8275 | Bailey   | Noticed an orc warlord
  8275 | Bailey   | Noticed an orc knight
  8283 | Bailey   | Killed an orc knight
  8333 | D:7      | Slain by an orc warlord

Action                   |  1- 3 |  4- 6 |  7- 9 | 10-12 || total
-------------------------+-------+-------+-------+-------++-------
Melee: War axe           |    95 |   233 |   363 |    59 ||   750
       Unarmed           |       |       |     6 |       ||     6
Invok: Heroism           |       |       |     1 |     1 ||     2
 Abil: Dig               |     5 |     4 |     2 |       ||    11
Evoke: Wand              |       |       |    18 |       ||    18
  Use: Scroll            |       |     5 |     3 |       ||     8
       Potion            |       |       |     3 |     1 ||     4
  Eat: Chunk             |     1 |    20 |    13 |     2 ||    36
